 Dungeon Crawl Stone Soup version 0.30-a0-1043-g60ff8d5f49 (webtiles) character file.

Game seed: 7798903188238036884

2 gelatine the Sneak (level 1, -7/18 HPs)
             Began as a Demonspawn Delver on Apr 10, 2023.
             Succumbed to a kobold's poison
             ... on level 4 of the Dungeon.
             The game lasted 00:02:12 (302 turns).

gelatine the Sneak (Demonspawn Delver)               Turns: 302, Time: 00:02:13

Health: -7/18      AC:  5    Str: 12    XL:     1   Next: 33%
Magic:  1/1        EV: 12    Int: 11    God:
Gold:   12         SH:  0    Dex: 14    Spells: 0/0 levels left

rFire   . . .      SeeInvis .    a - +0 hand axe
rCold   . . .      Faith    .    (no shield)
rNeg    . . .      Spirit   .    d - +2 robe {Archmagi}
rPois   .          Reflect  .    (no helmet)
rElec   .          Rampage  .    h - +0 cloak
rCorr   .          Archmagi +    (no gloves)
Will    .....                    (no boots)
Stlth   +++                      (no amulet)
HPRegen 0.23/turn                (no ring)
MPRegen 0.07/turn                (no ring)

@: lethally poisoned (-7 -> -35)
A: no striking features
a: no special abilities


You were on level 4 of the Dungeon.
You visited 1 branch of the dungeon, and saw 2 of its levels.

You collected 12 gold pieces.

Inventory:

Hand Weapons
 a - a +0 hand axe (weapon)
Armour
 b - a +0 leather armour
 d - a +2 robe of the Archmagi (worn)
 h - a +0 cloak (worn)
Wands
 g - a wand of digging (3)
Scrolls
 c - a scroll of fog
 e - a scroll of fear
Potions
 f - a potion of haste


   Skills:
 + Level 3.0 Fighting
 + Level 1.7 Axes
 + Level 1.7 Dodging
 + Level 4.6 Stealth


You couldn't memorise any spells.
You didn't know any spells.
Your spell library was empty.

Dungeon Overview and Level Annotations

Branches:
Dungeon (5/15)             Temple (0/1) D:5

Altars:
Dithmenos
Kikubaaqudgha

Annotations:
D:5 Sigmund


Message History

You hit the goblin.
You kill the goblin!
Found 2 boomerangs.
Things that are here:
a +0 club; a +0 sling You see here a +0 cloak.
You start putting on your armour.
You continue putting on your +0 cloak. x4
You finish putting on your +0 cloak.
A kobold comes into view. It is wielding a +0 dagger of venom.
Found a leather armour.
The kobold throws a stone.
The stone hits you but does no damage.
You see here 2 boomerangs.
The kobold hits you with a +0 dagger of venom.
You hit the kobold.
The kobold is severely wounded.
The kobold closely misses you.
You hit the kobold but do no damage.
The kobold is severely wounded.
The kobold barely misses you.
You barely miss the kobold.
The kobold is severely wounded.
The kobold hits you with a +0 dagger of venom.
You are poisoned.
The kobold hits you with a +0 dagger of venom.
You are lethally poisoned!
You hit the kobold but do no damage.
The kobold is severely wounded.
You feel extremely sick. The kobold hits you but does no damage.
You are more poisoned.
You miss the kobold.
The kobold is severely wounded.
* * * LOW HITPOINT WARNING * * *
You feel very sick. The kobold hits you but does no damage.
You are more poisoned.
Okay, then.
You closely miss the kobold.
The kobold is severely wounded.
You die...

.# .# #.# .# #.# .# #.#
## #.# #. .. ... #### #.
#.# #.##### ...# #..#.#
#K#...
##.##..#..#.####@#.#
.#.##............(.#
.#.##.....#.###..#.#.#
.#.##.....#............
.#.##.....#............
.#.##.....#.)#####<#.#.#
.#.##..................[.
.#.#####.##.####.#.###. #
.#..............)#.# .#


You could see a kobold.

Vanquished Creatures
  A ball python (D:4)
  A goblin (D:4)
2 creatures vanquished.

Notes
Turn   | Place    | Note
-------+----------+-------------------------------------------
     0 | D:5      | gelatine the Demonspawn Delver began the quest for the Orb.
     0 | D:5      | Reached XP level 1. HP: 18/18 MP: 1/1
     5 | D:5      | Found an ancient bone altar of Kikubaaqudgha.
     9 | D:5      | Noticed an iguana
    27 | D:5      | Noticed Sigmund
    49 | D:5      | Found a staircase to the Ecumenical Temple.
    70 | D:5      | Noticed a hound
   129 | D:5      | Found a shadowy altar of Dithmenos.
   302 | D:4      | Succumbed to a kobold's poison

Illustrated notes

Levels and vault maps discovered:
D:4:      layout_basic, lemuel_round_altar
D:5:      layout_basic, kennysheep_mini, mainiacjoe_overflow_catwalk_spiral,
          temple_statues, uniq_sigmund

Action                     || total
---------------------------++-------
  Melee: Hand axe          ||    17
    Use: Scroll            ||     1
 Armour: Robe              ||     9
  Dodge: Dodged            ||     7

Table legend: (Time is in decaauts)
 A = Elapsed time spent in this place.
 B = Non-inter-level travel time spent in this place.
 C = Inter-level travel time spent in this place.
 D = Time resting spent in this place.
 E = Time spent auto-exploring this place.
 F = Levels seen in this place.
 G = Mean time per level.
                   A        B        C        D        E       F      G
               +--------+--------+--------+--------+--------+-----+--------+
         Total |    305 |    305 |      0 |      0 |     59 |   2 |  152.5 |
       Dungeon |    305 |    305 |      0 |      0 |     59 |   2 |  152.5 |
               +--------+--------+--------+--------+--------+-----+--------+

Top non-repeatable levels by time:
     D:5: 168 daAuts
     D:4: 137 daAuts
